 Dungeon Crawl Stone Soup version 0.22-a0-982-gdd22fea (webtiles) character file.

347 plsesad the Chopper (level 6, 48/48 HPs)
             Began as a Demonspawn Archaeologist on Feb 26, 2020.
             Quit the game on level 4 of the Dungeon on Feb 27, 2020.
             The game lasted 00:05:05 (3198 turns).

plsesad the Chopper (Demonspawn Archaeologist)      Turns: 3198, Time: 00:05:05

Health: 48/48      AC:  8    Str: 14    XL:     6   Next: 33%
Magic:  6/6        EV: 11    Int: 13    God:
Gold:   108        SH:  0    Dex: 13    Spells: 5/5 levels left

rFire    + . .     SeeInvis +   e - +8 frozen axe "Frostbite" {freezing cloud, *Noise +Fly rC+}
rCold    + . .     Gourm    .   (shield currently unavailable)
rNeg     . . .     Faith    .   n - +0 ring mail
rPois    .         Spirit   .   c - +2 hat
rElec    .         Reflect  .   (no cloak)
rCorr    .         Harm     .   f - +0 pair of gloves
MR       .....                  (no boots)
Stlth    +.........             (no amulet)
HPRegen  0.16/turn              o - ring of see invisible
MPRegen  0.10/turn              (no ring)

@: no status effects
A: fire resistance 1, flame cloud immunity
a: Evoke Flight


You were on level 4 of the Dungeon.
You were not hungry.
You have taken the pledge of the Explorer.
You visited 1 branch of the dungeon, and saw 4 of its levels.

You collected 108 gold pieces.

Inventory:

Hand Weapons
 a - a +0 whip
 e - the +8 frozen axe "Frostbite" (weapon) {freezing cloud, *Noise +Fly rC+}

   It has been specially enchanted to freeze those struck by it, causing extra
   injury to most foes and up to half again as much damage against particularly
   susceptible opponents.
   It can also slow down cold-blooded creatures.
   It protects you from cold.
   It lets you fly.
   It may make noises in combat.
 w - a +0 hand axe
Armour
 b - a +1 robe
 c - a +2 hat (worn)
 f - a +0 pair of gloves (worn)
 n - a +0 ring mail (worn)
Jewellery
 o - a ring of see invisible (left hand)
Wands
 l - a wand of flame (35)
 y - a wand of clouds (4)
Scrolls
 d - 2 scrolls of identify
 j - a scroll of immolation
 k - 2 scrolls of recharging {unknown}
 m - a scroll of teleportation
 q - a scroll of fog {unknown}
 r - a scroll of magic mapping {unknown}
 t - a scroll of remove curse {unknown}
 u - 2 scrolls of amnesia {unknown}
 v - a scroll of blinking {unknown}
Potions
 h - a potion of lignification
 i - a potion of resistance
 s - a potion of brilliance
 x - a potion of curing
Comestibles
 g - 5 rations


   Skills:
 - Level 4.2 Fighting
 + Level 6.9 Axes
 - Level 2.6 Dodging
 - Level 0.8 Stealth


You had 5 spell levels left.
You didn't know any spells.
Your spell library contained the following spells:

 Spells                   Type           Power        Failure   Level  Hunger
 Magic Dart               Conj           #...         54%         1    ##.....
 Iskenderun's Battlesphe  Conj/Chrm      #.......     100%        5    ######.
 Fulminant Prism          Conj/Hex       #.........   99%         4    #####..
 Dazzling Spray           Conj/Hex       #.....       88%         3    ####...
 Force Lance              Conj/Tloc      #.......     99%         4    #####..
 Searing Ray              Conj           #.....       67%         2    ###....


Dungeon Overview and Level Annotations

Branches:
Dungeon (4/15)
 Temple: D:4-7

Altars:
Nemelex Xobeh
Okawaru


Innate Abilities, Weirdness & Mutations

Your flesh is heat resistant. (rF+)
You are immune to clouds of flame.


Message History

The worker ant moves out of view.
The worker ant is too close now for your liking.
You slash the worker ant! You freeze the worker ant.
You kill the worker ant!
No target in view!
No target in view!
No target in view!
No target in view!
You see here a worker ant corpse.
Found a stone staircase leading up and a stone staircase leading down.
There is a stone staircase leading up here.
You see here a worker ant corpse.
Eating a chunk of flesh.
You eat the chunk of flesh.
This raw flesh tastes terrible.
You open the door.
Found a sparkling altar of Nemelex Xobeh.
There is an open door here.
Welcome back, plsesad the Demonspawn Archaeologist.
Press ? for a list of commands and other information.
Are you sure you want to abandon this character and quit the game? (Confirm with "yes".)

#......##............#
#.....##....###......#
##.#####...##.##...###
#.#######.......##.^.##..##
#..........##..##^._ ##..##
############..##^.. ##..#
#. #.##... ##.# #..
#.#...#### #.# #..#
#.##.@#.#.# ##.##..#
#..###..#..###.....#
##.....###........##
#.#............[##
#...####.........#
###..............#
######......>..#
#.........# #........##


There were no monsters in sight!

Vanquished Creatures
  2 ogres
  An orc wizard (D:2)
  A worker ant (D:4)
  3 gnolls (D:3)
  5 adders
  2 worms
  4 leopard geckos
  3 orcs
  A giant cockroach (D:1)
  3 goblins
  8 hobgoblins
  2 jackals (D:2)
  A kobold (D:2)
  A ball python (D:3)
  7 bats
  3 frilled lizards
  4 rats
51 creatures vanquished.

Notes
Turn   | Place    | Note
-------+----------+-------------------------------------------
     0 | D:1      | plsesad the Demonspawn Archaeologist began the quest for the Orb.
     0 | D:1      | Reached XP level 1. HP: 18/18 MP: 1/1
   293 | D:1      | Gained mutation: Your flesh is heat resistant. (rF+) [demonic ancestry]
   293 | D:1      | Reached XP level 2. HP: 22/24 MP: 1/2
   699 | D:2      | Reached XP level 3. HP: 20/30 MP: 3/3
  1128 | D:2      | Reached skill level 1 in Axes
  1188 | D:2      | Reached skill level 2 in Axes
  1511 | D:2      | Found a faded altar of an unknown god.
  1669 | D:2      | Reached skill level 3 in Axes
  1669 | D:2      | Reached XP level 4. HP: 26/37 MP: 3/4
  1811 | D:3      | Reached skill level 4 in Axes
  2181 | D:3      | Noticed an ogre
  2189 | D:3      | Killed an ogre
  2189 | D:3      | Reached skill level 5 in Axes
  2189 | D:3      | Gained mutation: You are immune to clouds of flame. [demonic ancestry]
  2189 | D:3      | Reached XP level 5. HP: 24/42 MP: 4/5
  2479 | D:3      | Reached skill level 6 in Axes
  3006 | D:4      | Noticed an ogre
  3008 | D:4      | Found an iron altar of Okawaru.
  3013 | D:4      | Killed an ogre
  3013 | D:4      | Reached XP level 6. HP: 48/48 MP: 6/6
  3197 | D:4      | Found a sparkling altar of Nemelex Xobeh.
  3198 | D:4      | Quit the game

Vault maps used:
D:1:      nicolae_arrival_somewhat_less_tricky_arrival, hex_intersection,
          hex_tiny
D:2:      lemuel_upstairs_altar, chequers_ecumenical_altar_island,
          kennysheep_pointless_box, kennysheep_generic_room_14
D:3:      kennysheep_minor_cross
D:4:      nicolae_overflow_crystal_walls, kennysheep_okawaru_gauntlet,
          serial_shops, kennysheep_mini_moat, nemelex_spade_bored_becter,
          uniq_robin

Skill      XL: |  1  2  3  4  5 |
---------------+----------------+-----
Fighting       | 4 |  4.2
Axes           | 3 5 6 |  6.9
Dodging        | |  2.6
Stealth        | |  0.8

Action                   |  1- 3 |  4- 6 || total
-------------------------+-------+-------++-------
Melee: Whip              |   187 |    53 ||   240
       Hand axe          |       |    28 ||    28
       Executioner's axe |       |     8 ||     8
  Use: Potion            |     4 |     3 ||     7
       Scroll            |       |     6 ||     6
  Eat: Chunk             |     2 |     6 ||     8
Armor: Robe              |    28 |       ||    28
       Ring mail         |    78 |    18 ||    96
Dodge: Dodged            |   165 |    42 ||   207

Table legend:
 A = Spawn XP
 B = Non-spawn XP
 C = Spawn XP percentage of total XP
 D = Spawn monster count
 E = Non-spawn monster count
 F = Spawn count percentage of total count
 G = Total turns spent on level
                    A         B        C        D         E        F      G
               +---------+---------+-------+---------+---------+-------+---------
         Total |       0 |     497 |   0.0 |       0 |      51 |   0.0 |  3198
               +---------+---------+-------+---------+---------+-------+---------
           D:1 |       0 |      24 |   0.0 |       0 |      14 |   0.0 |   499
           D:2 |       0 |     109 |   0.0 |       0 |      17 |   0.0 |  1364
           D:3 |       0 |     204 |   0.0 |       0 |      15 |   0.0 |  1087
           D:4 |       0 |     160 |   0.0 |       0 |       5 |   0.0 |   248
               +---------+---------+-------+---------+---------+-------+---------
